 Dungeon Crawl Stone Soup version 0.17.0-24-gcfadda4 (webtiles) character file.

610534 septik the Slayer (level 27, -21/152 HPs)
             Began as a Gargoyle Gladiator on Nov 15, 2015.
             Was the Champion of Okawaru.
             Demolished by a golden dragon (38 damage)
             ... on level 1 of the Realm of Zot.
             The game lasted 06:09:38 (77960 turns).

septik the Slayer (Gargoyle Gladiator)             Turns: 77960, Time: 06:09:39

Health: -21/152    AC: 46    Str: 20 (22) XL:     27
Magic:  25/28      EV: 37    Int: 10      God:    Okawaru [******]
Gold:   4519       SH:  0    Dex: 27      Spells: 5 memorised, 17 levels left

rFire  . . .     SeeInvis .     G - +9 lajatang (vamp)
rCold  . . .     Clarity  .     Y - +5 robe of vines {NoDeviceHeal Regen+10}
rNeg   + . .     SustAt   .     (shield currently unavailable)
rPois  ∞         Gourm    .     W - +4 hat of Defiance {MR+}
rElec  +         Spirit   .     h - +0 cloak of Byjitiv {MR- rCorr Dex+3}
rCorr  +         Warding  .     u - +2 pair of gloves {Dex+3}
rMut   .         Stasis   .     U - +2 pair of boots
MR     +++..                    R - amulet of faith
Stlth  ++++......               z - ring of Badeheag {MR+ AC+2 Int+2 Dex+4 Slay+2}
                                (no ring)

@: heroism, finesse, extremely resistant to hostile enchantments, stealthy
A: big wings, blurry vision 2, clumsy 1, deterioration 1, dopey 1, frail 2, low
mp 2, negative energy resistance 1, electricity resistance, unbreathing,
petrification resistance, rot immunity, AC +20
a: Fly, Heroism, Finesse, Renounce Religion
}: 4/15 runes: barnacled, slimy, silver, gossamer


You were on level 1 of the Realm of Zot.
You worshipped Okawaru.
Okawaru was exalted by your worship.
You were not hungry.

You visited 11 branches of the dungeon, and saw 56 of its levels.
You visited the Abyss 2 times.
You visited 1 bazaar.
You also visited: Ice Cave.

You collected 7598 gold pieces.
You spent 3079 gold pieces at shops.

Inventory:

Hand Weapons
 G - a +9 vampiric lajatang (weapon)
 M - a +2 antimagic quarterstaff
Missiles
 d - 6 throwing nets (quivered)
Armour
 h - the +0 cloak of Byjitiv (worn) {MR- rCorr Dex+3}
   (Okawaru gifted it to you on level 14 of the Dungeon)

   It affects your dexterity (+3).
   It affects your resistance to hostile enchantments.
   It protects you from acid and corrosion.
 l - the +6 plate armour "Lukhi" {+Blink Regen+ Dex+4 Slay+2}
   (Okawaru gifted it to you on level 11 of the Dungeon)

   It affects your dexterity (+4).
   It affects your accuracy and damage with ranged weapons and melee attacks
   (+2).
   It lets you blink.
   It increases your rate of regeneration.
 o - the +0 cloak of the Raven {rF+ rC+}
   (Okawaru gifted it to you on level 5 of the Vaults)

   It protects you from fire.
   It protects you from cold.
 u - a +2 pair of gloves of dexterity (worn)
 U - a +2 pair of boots (worn)
 W - the +4 hat of Defiance (worn) {MR+}
   (Okawaru gifted it to you on level 1 of the Lair of Beasts)

   It affects your resistance to hostile enchantments.
 Y - the +5 robe of vines (worn) {NoDeviceHeal Regen+10}
   (You found it on level 3 of the Elven Halls)

   It increases your rate of regeneration.
Jewellery
 s - the ring of the Devil's Advocate {Fire rPois rN+ MR+++ Stlth-}
   (You took it off a deep elf annihilator on level 3 of the Elven Halls)

   [ring of fire]

   It enhances your fire magic, and weakens your ice magic.
   It protects you from fire.
   It makes you vulnerable to cold.
   It protects you from poison.
   It protects you from negative energy.
   It affects your resistance to hostile enchantments.
   It makes you less stealthy.
 z - the ring of Badeheag (right hand) {MR+ AC+2 Int+2 Dex+4 Slay+2}
   (You took it off a deep elf demonologist on level 3 of the Elven Halls)

   [ring of protection]

   It affects your AC (+2).
   It affects your intelligence (+2).
   It affects your dexterity (+4).
   It affects your accuracy and damage with ranged weapons and melee attacks
   (+2).
   It affects your resistance to hostile enchantments.
 D - the ring of Lurayxt {MP+9 Str-3 Dex+6}
   (You found it on level 6 of the Pits of Slime)

   [ring of magical power]

   It affects your strength (-3).
   It affects your dexterity (+6).
   It affects your magic capacity (+9).
 K - an uncursed ring of teleportation
 R - an amulet of faith (around neck)
 X - the ring "Urheomad" {rF+ Dex+5 Stlth+}
   (You took it off a white draconian on level 3 of the Vaults)

   [ring of protection from fire]

   It affects your dexterity (+5).
   It protects you from fire.
   It makes you more stealthy.
Wands
 y - a wand of cold (9)
 A - a wand of digging (14)
 C - a wand of fireball (2)
 N - a wand of hasting (2)
 P - a wand of disintegration (10)
 S - a wand of teleportation (4)
Scrolls
 f - a scroll of amnesia
 k - 7 scrolls of blinking
 m - 2 scrolls of fear
 r - a scroll of recharging
 t - 4 scrolls of magic mapping
 v - a scroll of identify
 x - 2 scrolls of summoning
 I - 19 scrolls of teleportation
Potions
 b - 2 potions of resistance
 g - 6 potions of haste
 j - 3 potions of invisibility
 q - 5 potions of might
 B - 7 potions of heal wounds
 E - 12 potions of curing
 V - 8 potions of agility
Books
 p - a Necronomicon

   Spells                             Type                      Level
   a - Haunt                          Necromancy/Summoning         7
   b - Borgnjor's Revivification      Necromancy                   8
   c - Death's Door                   Charms/Necromancy            8
   d - Necromutation                  Transmutation/Necromancy     8
Miscellaneous
 a - a stone of tremors
 i - a box of beasts
 w - a disc of storms
 F - a lamp of fire
 H - a fan of gales
 L - a sack of spiders {used: 2}
 O - a phial of floods
Comestibles
 c - 26 fruits
 e - 6 bread rations
 n - 10 chunks of flesh
 J - a beef jerky


   Skills:
 + Level 24.0(27) Fighting
 - Level 14.0(19.0) Staves
 - Level 1.7(6.7) Throwing
 + Level 22.1(27) Armour
 + Level 18.4(23.4) Dodging
   Level 3.1(8.1) Shields
 * Level 4.2 Summonings
 - Level 17.5 Earth Magic
 - Level 18.3 Evocations


You had 17 spell levels left.
You knew the following spells:

 Your Spells              Type           Power        Failure   Level  Hunger
a - Stoneskin             Trmt/Erth      ###.....     1%          2    ###....
b - Repel Missiles        Chrm/Air       #.....       61%         2    ###....
c - Song of Slaying       Chrm           #.......     61%         2    ###....
d - Summon Butterflies    Summ           #.......     10%         1    ##.....
e - Blink                 Tloc           N/A          61%         2    ###....


Dungeon Overview and Level Annotations

Branches:
Dungeon (15/15)            Temple (1/1) D:4            Lair (8/8) D:10
 Shoals (4/4) Lair:4       Spider (4/4) Lair:3        Slime (6/6) Lair:6
    Orc (4/4) D:11            Elf (3/3) Orc:3        Vaults (5/5) D:14
  Crypt (0/3) Vaults:3     Depths (5/5) D:15            Zot (1/5) Depths:5

Altars:
Ashenzari
Cheibriados
Dithmenos
Elyvilon
Fedhas
Gozag
Kikubaaqudgha
Makhleb
Nemelex Xobeh
Okawaru
Qazlal
Ru
Sif Muna
Trog
Vehumet
Xom
Yredelemnul
Zin
The Shining One
Beogh
Lugonu

Shops:
D:9 [   D:11 [   Orc:4 ([([   Elf:2 %   Shoals:2 ?   Vaults:3 **   Depths:2 *

Portals:
Hell: Depths:1 Depths:2 Depths:3 Depths:4 Depths:5
Abyss: Depths:1 Depths:3 Depths:4
Pandemonium: Depths:3 Depths:4 Depths:5
Ziggurat: Depths:3


Innate Abilities, Weirdness & Mutations

You are resistant to torment.
Your stone body is resilient (AC +20).
You are immune to poison.
Your large and strong wings let you fly indefinitely.
You resist negative energy.
You are resistant to electric shocks.
You can survive without breathing.
You are immune to petrification.
You are immune to rotting.
Scrolls take you longer to read.
You are clumsy. (Dex -2)
Your body sometimes deteriorates upon taking damage.
You are dopey. (Int -2)
You are very frail (-20% HP).
Your magical capacity is very low (-20% MP).


Message History

You kill the green draconian scorcher!
Okawaru accepts your kill.
The orb of electricity engulfs the ice dragon.
The ice dragon is moderately wounded.
The orb of electricity engulfs the mottled draconian.
You kill the mottled draconian!
Okawaru accepts your kill.
You feel your strength returning.
You hear a mighty clap of thunder! x2
The bolt of lightning hits the golden dragon.
The golden dragon resists.
The golden dragon is lightly wounded.
The bolt of lightning misses the black draconian shifter.
You hear a mighty clap of thunder!
The bolt of lightning misses you. x2
You are covered in liquid flames!
* * * LOW HITPOINT WARNING * * *
You hear a roar!
You hear a chilling moan.
You hear a roar!
The golden dragon bites you!!!
You die...

####### #.....#
#....)# ## #..?†[#
... .. #.....# ....
..
########.§..§##.....
..
........))..........
..
§......@D.q.........
..
.###.###D.dd.##.....
.. #........#
..######
#............##..##
#.....%......#..#†.
#............#.(.##
###..........##^#.#
##########.#[####
########.#####.


You could see a golden dragon (berserk), a black draconian, a mottled draconian,
a black draconian shifter and an ice dragon (berserk).

Vanquished Creatures
  the royal jelly (Slime:6)
  Mara (Depths:3)
  The ghost of Gravenous the Sensei, a legendary OpIE of Cheibriados (Zot:1)
  Sojobo (Depths:2)
  Boris (Depths:3)
  Frederick (Depths:4)
  A caustic shrike (Depths:5)
  7 golden dragons
  Nikola (Vaults:2)
  2 bone dragons
  Arachne (Spider:4)
  The ghost of zero the Severer, a veteran GrBe of Trog (Depths:4)
  Jorgrun (Shoals:2)
  4 tentacled monstrosities
  9 liches
  Rupert (Lair:5)
  2 deep elf blademasters (Elf:3)
  5 titans
  3 quicksilver dragons
  24 acid blobs
  The ghost of MDvedh the Swashbuckler, an adept KoBe of Trog (Elf:3)
  2 deep elf master archers (Elf:3)
  2 krakens
  Polyphemus (Shoals:2)
  5 sphinxes
  13 tengu reavers
  An ancient champion (Vaults:3)
  Kirke (D:12)
  5 storm dragons
  12 shadow dragons
  A draconian monk (Zot:1)
  Ilsuiw (Shoals:4)
  Donald (Shoals:3)
  14 azure jellies
  12 fire giants
  16 deep elf sorcerers
  4 ghost moths
  Maud (D:11)
  5 emperor scorpions
  12 frost giants
  3 iron dragons
  Louise (Spider:2)
  A draconian scorcher (Zot:1)
  An orc warlord (Orc:4)
  A draconian zealot (Zot:1)
  2 draconian shifters (Zot:1)
  12 vault wardens
  A caustic shrike zombie (Depths:4)
  A draconian annihilator (Depths:5)
  9 ironheart preservers
  7 very ugly things
  3 war gargoyles (Vaults:5)
  2 vampire knights
  29 stone giants
  7 deep elf demonologists
  13 deep elf annihilators
  Nessos (D:12)
  6 dire elephants (Lair:8)
  2 mottled draconians
  A purple draconian (Depths:5)
  4 salamander stormcallers
  4 yellow draconians
  3 white draconians
  A red draconian (Zot:1)
  Snorg (Orc:4)
  42 vault guards
  An ettin (shapeshifter) (Elf:1)
  3 merfolk javelineers
  9 ettins
  3 deep elf high priests
  2 death oozes (Slime:6)
  7 deep elf death magi
  6 merfolk impalers
  Josephine (Lair:5)
  13 fire dragons
  The ghost of JudasIscariot the Basher, a journeyman TrFi of the Shining One (D:11)
  4 rakshasas
  A caustic shrike simulacrum (Depths:2)
  15 hydras
  Fannar (D:11)
  11 entropy weavers
  12 great orbs of eyes
  23 yaktaur captains
  13 ice dragons
  6 spriggan air magi
  7 centaur warriors
  A catoblepas (Shoals:2)
  A juggernaut simulacrum (Depths:4)
  An anaconda (Lair:8)
  A queen ant (Lair:6)
  2 alligator snapping turtles (Shoals:4)
  5 merfolk aquamancers
  3 merfolk avatars
  18 dancing weapons
  7 deep troll shamans
  2 satyrs
  8 tengu warriors
  7 death yaks
  3 vampire magi
  20 ogre magi
  15 deep troll earth magi
  Urug (D:10)
  9 spriggan berserkers
  3 orc high priests (Orc:4)
  Sonja (D:14)
  The ghost of hadoken the Thaumaturge, a novice DECj of Sif Muna (D:11)
  15 hell knights
  3 iron trolls
  9 wizards
  28 deep elf knights
  2 flayed ghosts
  7 giant orange brains
  3 shadow wraiths (Vaults:3)
  A fire crab (shapeshifter) (Depths:1)
  26 deep trolls
  A spatial maelstrom (Abyss:1)
  A sea snake (shapeshifter) (Depths:4)
  6 sea snakes
  A swamp dragon (shapeshifter) (Depths:5)
  A swamp dragon (Zot:1)
  A golden dragon zombie (Depths:4)
  A fire crab (Lair:7)
  11 deep elf summoners
  2 harpies (shapeshifter)
  4 unseen horrors
  A tengu zombie (Depths:4)
  7 hill giants
  A kraken simulacrum (Shoals:4)
  The ghost of Rayvis the Destroyer, a novice HECj of Sif Muna (D:8)
  27 ironbrand convokers
  17 orb spiders
  4 harpies
  5 necromancers
  15 orc knights
  6 shining eyes
  4 orc sorcerers
  9 phantasmal warriors (Vaults:5)
  3 hornets
  20 deep elf conjurers
  A faun (shapeshifter) (D:15)
  A manticore (shapeshifter) (Vaults:4)
  23 wolf spiders
  8 cyclopes
  17 manticores
  7 water nymphs
  10 fauns
  7 salamanders
  11 griffons
  33 ugly things
  2 worldbinders (Abyss:1)
  5 black mambas
  13 sirens
  12 vault sentinels
  A spriggan zombie (Depths:2)
  6 moths of wrath
  3 guardian serpents
  A rust devil (Abyss:1)
  15 spiny frogs
  A molten gargoyle (D:13)
  26 elephants
  A torpor snail (Spider:4)
  6 eyes of devastation
  3 guardian serpents (shapeshifter)
  7 komodo dragons
  A storm dragon simulacrum (Depths:4)
  2 kobold demonologists (D:13)
  12 demonic crawlers
  A fire drake (Lair:3)
  An ancient zyme (Abyss:1)
  71 yaktaurs
  A wolf spider simulacrum (D:15)
  6 tengu conjurers
  6 trolls
  16 deep elf priests
  23 merfolk
  A giant leech (shapeshifter) (Depths:4)
  5 polar bears
  A blink frog (shapeshifter) (Vaults:1)
  A wind drake (shapeshifter) (Vaults:5)
  A wind drake (Shoals:2)
  11 blink frogs
  37 two-headed ogres
  25 jumping spiders
  105 slime creatures
  8 snapping turtles
  4 boulder beetles
  7 freezing wraiths
  A harpy skeleton (D:15)
  2 ettin zombies
  A snapping turtle (shapeshifter) (Depths:3)
  A human simulacrum (Vaults:1)
  2 raiju (shapeshifter)
  2 two-headed ogres (shapeshifter)
  A flying skull (Abyss:1)
  A spriggan simulacrum (Depths:2)
  6 water elementals
  38 redbacks
  A shadow (D:14)
  8 air elementals
  5 spriggans
  32 tarantellas
  A centaur simulacrum (D:15)
  A spriggan (shapeshifter) (Vaults:3)
  4 wyverns
  3 large abominations
  9 trapdoor spiders
  56 yaks
  3 steam dragons
  7 wraiths
  3 hungry ghosts
  A fire elemental (D:13)
  A hog (D:12)
  13 vampire mosquitoes
  A hippogriff (shapeshifter) (Vaults:4)
  5 basilisks
  23 deep elf magi
  14 golden eyes
  13 wolves
  A basilisk (shapeshifter) (Depths:2)
  A tarantella (shapeshifter) (Depths:3)
  40 deep elf fighters
  A mottled dragon (D:14)
  A soldier ant (shapeshifter) (Vaults:1)
  17 soldier ants
  Menkaure (D:4)
  A warg (shapeshifter) (Vaults:3)
  33 water moccasins
  A spatial vortex (Abyss:1)
  A hell hound (Abyss:1)
  A warg (Orc:2)
  9 wasps
  7 porcupines
  16 hippogriffs
  11 ice beasts
  51 orc warriors
  42 spiders
  A black bear (shapeshifter) (Vaults:2)
  A hornet simulacrum (Vaults:1)
  2 necrophages
  80 ogres
  15 centaurs
  2 black bears
  2 phantoms
  A tengu (shapeshifter) (Vaults:1)
  8 eyes of draining
  3 sky beasts
  A big kobold (D:11)
  11 boggarts
  A brain worm (shapeshifter) (Vaults:5)
  A glowing shapeshifter simulacrum (Vaults:3)
  23 giant frogs
  A gnoll sergeant (D:4)
  21 crocodiles
  A wyvern zombie (D:6)
  A brain worm (D:15)
  A wyvern skeleton (D:9)
  6 scorpions
  4 small abominations (Abyss:1)
  5 wights
  A killer bee (shapeshifter) (D:15)
  The ghost of imganon the Poker, a weakling DsCK of Xom (D:3)
  11 killer bees
  8 electric eels
  9 crimson imps
  3 giant frog zombies
  39 jellies
  2 lava snakes (D:13)
  33 orc priests
  An iron imp (Depths:3)
  4 centaur zombies
  A quasit (D:15)
  Crazy Yiuf (D:4)
  6 centaur skeletons
  A giant frog skeleton (D:4)
  6 hounds
  12 iguanas
  27 orc wizards
  53 worker ants
  26 sheep
  3 hound zombies
  3 worker ant zombies
  8 gnolls
  58 river rats
  33 adders
  A giant eyeball (Vaults:3)
  2 shadow imps
  3 oozes
  An adder zombie (D:5)
  A worm (shapeshifter) (Vaults:5)
  2 worms
  6 giant geckos
  236 orcs
  5 bats
  10 giant cockroaches
  7 goblins
  10 hobgoblins
  10 jackals
  3 quokkas
  4 ball pythons
  A giant gecko skeleton (D:4)
  A giant gecko zombie (D:8)
  7 giant newts
  8 kobolds
  2 quokka skeletons
  8 rats
  A butterfly (D:7)
  3 crawling corpses
  A fire vortex (Vaults:3)
  A fungus (Lair:2)
  5 plants
  10 tentacles
2778 creatures vanquished.

Vanquished Creatures (collateral kills)
  2 acid blobs (Slime:6)
  3 death oozes (Slime:6)
5 creatures vanquished.

Vanquished Creatures (others)
  An ancient lich (Vaults:5)
  A shadow dragon (Vaults:3)
  A fire giant (Vaults:5)
  A vault warden (Vaults:5)
  A draconian scorcher (Zot:1)
  A vampire knight (Vaults:3)
  A merfolk impaler (Shoals:4)
  A deep elf high priest (Elf:3)
  2 yaktaur captains (Vaults:5)
  A merfolk aquamancer (Shoals:4)
  An orc high priest (Orc:4)
  A deep elf knight (Elf:3)
  A cyclops (Vaults:2)
  A polar bear (Lair:6)
  A slime creature (Slime:4)
  An air elemental (Depths:3)
  A golden eye (Slime:6)
  A deep elf fighter (Elf:3)
  A hog (shapeshifter) (Vaults:5)
  2 vampire mosquitoes (Vaults:2)
  A soldier ant (Lair:6)
  A water moccasin (D:7)
  An ogre (Depths:1)
  A giant frog (Lair:7)
  A human skeleton (Vaults:1)
  A jelly (Slime:6)
  3 worker ants (Lair:6)
  3 adders (Lair:3)
  An orc (Orc:4)
  A crawling corpse (Vaults:5)
  A fire vortex (Vaults:3)
  8 fungi
  11 plants
  24 starspawn tentacles (Abyss:1)
  381 starspawn tentacle segments (Abyss:1)
  45 tentacles
  2459 tentacle segments
2965 creatures vanquished.

Grand Total: 5748 creatures vanquished

Notes
Turn   | Place    | Note
--------------------------------------------------------------
     0 | D:1      | septik the Gargoyle Gladiator began the quest for the Orb.
     0 | D:1      | Reached XP level 1. HP: 12/12 MP: 1/1
   286 | D:1      | Reached XP level 2. HP: 12/18 MP: 2/2
   567 | D:1      | Reached skill level 1 in Armour
   855 | D:2      | Reached XP level 3. HP: 22/22 MP: 3/3
   963 | D:2      | Found a glowing silver altar of Zin.
   968 | D:2      | Noticed an angel
   971 | D:2      | Found a shimmering altar of Xom.
  1006 | D:2      | Found a shadowy altar of Dithmenos.
  1397 | D:3      | Noticed imganon's ghost (weakling DsCK)
  1403 | D:3      | Paralysed by imganon's ghost for 3 turns
  1689 | D:3      | Reached XP level 4. HP: 18/28 MP: 4/4
  1833 | D:3      | Found a faded altar to an unknown god.
  2148 | D:3      | Killed imganon's ghost
  2148 | D:3      | Reached skill level 4 in Staves
  2148 | D:3      | Reached XP level 5. HP: 16/32 MP: 5/5
  2527 | D:4      | Found a staircase to the Ecumenical Temple.
  2552 | Temple   | Entered the Ecumenical Temple
  2650 | Temple   | Became a worshipper of Warmaster Okawaru
  2744 | D:4      | Noticed a phantom
  2793 | D:4      | Killed a phantom
  2793 | D:4      | Reached XP level 6. HP: 32/38 MP: 6/6
  3070 | D:4      | Reached * piety under Okawaru
  3094 | D:4      | Reached skill level 5 in Staves
  3205 | D:4      | Noticed Menkaure
  3251 | D:4      | Killed Menkaure
  3251 | D:4      | Reached XP level 7. HP: 12/43 MP: 7/7
  3743 | D:5      | Entered Level 5 of the Dungeon
  4102 | D:5      | Reached skill level 6 in Staves
  4238 | D:5      | Reached XP level 8. HP: 40/48 MP: 8/8
  4335 | D:5      | Reached ** piety under Okawaru
  4335 | D:5      | Reached skill level 5 in Fighting
  5089 | D:6      | Reached skill level 7 in Staves
  5511 | D:6      | Reached skill level 5 in Armour
  5669 | D:6      | Found a sparkling altar of Nemelex Xobeh.
  6301 | D:7      | Found a burning altar of Makhleb.
  6407 | D:7      | Reached XP level 9. HP: 51/55 MP: 9/9
  6415 | D:7      | Found a runed door.
  6436 | D:7      | Found a runed door.
  6722 | D:8      | Reached *** piety under Okawaru
  6722 | D:8      | Reached skill level 5 in Dodging
  6759 | D:8      | Reached skill level 8 in Staves
  6891 | D:8      | Found a shattered altar of Ashenzari.
  6891 | D:8      | Found a glowing golden altar of the Shining One.
  7209 | D:8      | Noticed Rayvis's ghost (novice HECj)
  7272 | D:9      | Found Qixiy's Armour Shoppe.
  7490 | D:9      | Reached **** piety under Okawaru
  7538 | D:9      | Reached skill level 9 in Staves
  7643 | D:9      | Reached XP level 10. HP: 36/63 MP: 10/10
  8131 | D:9      | Reached ***** piety under Okawaru
  8691 | D:10     | Entered Level 10 of the Dungeon
  8691 | D:10     | Found a basalt altar of Yredelemnul.
  8770 | D:10     | Noticed Urug
  8806 | D:10     | Killed Urug
  8806 | D:10     | Reached skill level 10 in Staves
  8993 | D:10     | Received a gift from Okawaru
  9006 | D:10     | Noticed a hill giant
  9017 | D:10     | Killed a hill giant
  9322 | D:10     | Received a gift from Okawaru
  9349 | D:10     | Reached XP level 11. HP: 55/69 MP: 11/11
  9384 | D:10     | Reached skill level 11 in Staves
  9639 | D:10     | Found a staircase to the Lair.
  9861 | D:10     | Noticed a hill giant
  9869 | D:10     | Killed a hill giant
 10024 | Lair:1   | Entered Level 1 of the Lair of Beasts
 10266 | Lair:1   | Reached ****** piety under Okawaru
 10472 | Lair:1   | Noticed a seven-headed hydra
 10496 | Lair:1   | Killed a seven-headed hydra
 10496 | Lair:1   | Received a gift from Okawaru
 10499 | Lair:1   | Got a twisted hat {god gift}
 10510 | Lair:1   | Identified the +4 hat of Defiance {MR+} (Okawaru gifted it to you on level 1 of the Lair of Beasts)
 11176 | Lair:1   | Reached skill level 12 in Staves
 11563 | Lair:2   | Reached XP level 12. HP: 77/77 MP: 12/12
 12231 | Lair:2   | Noticed an eight-headed hydra
 12245 | Lair:2   | Killed an eight-headed hydra
 12372 | Lair:2   | Reached skill level 10 in Fighting
 12750 | Lair:3   | Received a gift from Okawaru
 12763 | Lair:3   | Got a blackened buckler {god gift}
 12883 | Lair:3   | Got a warped leather armour
 12968 | Lair:3   | Found a hole to the Spider Nest.
 13019 | Lair:3   | Reached skill level 10 in Armour
 13041 | Lair:3   | Reached skill level 13 in Staves
 13672 | Lair:4   | Found a staircase to the Shoals.
 13767 | Lair:4   | Reached XP level 13. HP: 81/84 MP: 13/13
 13805 | Lair:4   | Received a gift from Okawaru
 13816 | Lair:4   | Got a smoking steam dragon armour {god gift}
 13834 | Lair:4   | Identified the +3 steam dragon armour of the Engineer {rN+ MR- Stlth+} (Okawaru gifted it to you on level 4 of the Lair of Beasts)
 13844 | Lair:4   | Identified the +0 leather armour of Crawling {Int+2 Dex+6} (You found it on level 3 of the Lair of Beasts)
 14663 | Lair:5   | Got an iridescent mace
 14766 | Lair:5   | Noticed Josephine
 14774 | Lair:5   | Killed Josephine
 14929 | Lair:5   | Noticed Rupert
 14935 | Lair:5   | Paralysed by Rupert for 7 turns
 14973 | Lair:5   | Killed Rupert
 14973 | Lair:5   | Reached skill level 14 in Staves
 15142 | Lair:5   | Found a shimmering altar of Xom.
 15678 | Lair:6   | Received a gift from Okawaru
 15686 | Lair:6   | Got an ancient lajatang {god gift}
 15719 | Lair:6   | Found a frozen archway.
 15793 | IceCv    | Entered an ice cave
 16134 | Lair:6   | Identified the +9 lajatang of the Lair of Beasts {freeze, *Noise rN++ Int+3} (Okawaru gifted it to you on level 6 of the Lair of Beasts)
 16353 | Lair:6   | Identified the +6 mace of the Owl {crush, rElec SInv} (You found it on level 5 of the Lair of Beasts)
 16411 | Lair:6   | Gained mutation: Your large and strong wings let you fly indefinitely. [Gargoyle growth]
 16411 | Lair:6   | Reached XP level 14. HP: 77/92 MP: 14/14
 16423 | Lair:6   | Received a gift from Okawaru
 16426 | Lair:6   | Got a heavily runed scale mail {god gift}
 16694 | Lair:6   | Found a staircase to the Slime Pits.
 17156 | Lair:2   | Identified the +5 scale mail of Grot {rF+ Str+2 SInv} (Okawaru gifted it to you on level 6 of the Lair of Beasts)
 18367 | Lair:7   | Reached skill level 10 in Dodging
 18492 | Lair:8   | Entered Level 8 of the Lair of Beasts
 18568 | Lair:7   | Received a gift from Okawaru
 18580 | Lair:7   | Got a polished quick blade {god gift}
 19066 | Lair:8   | Received a gift from Okawaru
 19284 | Lair:8   | Received a gift from Okawaru
 19329 | Lair:8   | Got a pair of scorched boots {god gift}
 19339 | Lair:8   | Identified the +1 pair of boots of Sorcery {Str-3 Int+7} (Okawaru gifted it to you on level 8 of the Lair of Beasts)
 19705 | Lair:8   | Reached XP level 15. HP: 101/101 MP: 15/15
 19714 | Lair:8   | Reached skill level 15 in Fighting
 19993 | Lair:8   | Got a bound amber ring
 19999 | Lair:8   | Identified the ring of Cuiwoim {Ice rElec MR+ Stlth+} (You found it on level 8 of the Lair of Beasts)
 20602 | D:11     | Noticed Maud
 20612 | D:11     | Killed Maud
 20659 | D:11     | Noticed hadoken's ghost (novice DECj)
 20668 | D:11     | Killed hadoken's ghost
 20886 | D:11     | Found Legaqewk's Armour Shop.
 20887 | D:11     | Found a staircase to the Orcish Mines.
 20902 | D:11     | Received a gift from Okawaru
 20903 | D:11     | Got a crude plate armour {god gift}
 20914 | D:11     | Identified the +6 plate armour "Lukhi" {+Blink Regen+ Dex+4 Slay+2} (Okawaru gifted it to you on level 11 of the Dungeon)
 20920 | D:11     | Bought a +0 pair of boots for 58 gold pieces
 21036 | D:11     | Noticed Fannar
 21037 | D:11     | Noticed JudasIscariot's ghost (journeyman TrFi)
 21047 | D:11     | Killed JudasIscariot's ghost
 21064 | D:11     | Killed Fannar
 21364 | D:8      | Killed Rayvis's ghost
 21383 | D:9      | Bought a +1 pair of gloves of strength for 264 gold pieces
 21551 | Orc:1    | Entered Level 1 of the Orcish Mines
 21681 | Orc:1    | Found a bloodstained altar of Trog.
 21813 | Orc:1    | Reached skill level 16 in Fighting
 22138 | Orc:3    | Found a bloodstained altar of Trog.
 22673 | Orc:3    | Found a staircase to the Elven Halls.
 22959 | Orc:4    | Entered Level 4 of the Orcish Mines
 22961 | Orc:4    | Noticed Snorg
 23009 | Orc:4    | Killed Snorg
 23884 | Orc:4    | Found a roughly hewn altar of Beogh.
 23931 | Orc:4    | Found Zealoi's Weapon Shoppe.
 24099 | Orc:4    | Found Gilo's Antique Armour Boutique.
 24425 | Orc:4    | Found a roughly hewn altar of Beogh.
 24589 | Orc:4    | Found Arphaegit's Armour Emporium.
 24608 | Orc:4    | Bought a +0 cloak of magic resistance for 161 gold pieces
 24614 | Orc:4    | Found Bunius's Antique Weapon Shoppe.
 25140 | D:12     | Noticed Nessos
 25177 | D:12     | Killed Nessos
 25177 | D:12     | Reached XP level 16. HP: 111/111 MP: 16/16
 25279 | D:12     | Received a gift from Okawaru
 25286 | D:12     | Got a transparent quarterstaff {god gift}
 25508 | D:12     | Noticed Kirke
 25525 | D:12     | Killed Kirke
 25934 | D:13     | Identified the +4 quarterstaff of Kaxatoyq {crush, +Blink rF+ Int+3 Dex+3} (Okawaru gifted it to you on level 12 of the Dungeon)
 25963 | D:13     | Reached skill level 17 in Fighting
 26179 | D:13     | Found a snail-covered altar of Cheibriados.
 26986 | D:14     | Noticed Sonja
 26995 | D:14     | Killed Sonja
 27032 | D:14     | Found a gate to the Vaults.
 27054 | D:14     | Received a gift from Okawaru
 27055 | D:14     | Got a warped cloak {god gift}
 27227 | D:14     | Identified Sif Muna's Papyrus of Intoxication and Moulding (You found it on level 14 of the Dungeon)
 27470 | D:14     | Identified the +0 cloak of Byjitiv {MR- rCorr Dex+3} (Okawaru gifted it to you on level 14 of the Dungeon)
 27509 | D:13     | Gained mutation: You are frail (-10% HP). [a neqoxec]
 27837 | Spider:1 | Entered Level 1 of the Spider Nest
 28458 | Spider:1 | Learned a level 2 spell: Stoneskin
 28519 | Spider:2 | Noticed Louise
 28532 | Spider:2 | Cast into the Abyss (Louise)
 28561 | Spider:2 | Escaped the Abyss
 28580 | Spider:2 | Killed Louise
 28580 | Spider:2 | Reached skill level 1 in Earth Magic
 28618 | Spider:2 | Received a gift from Okawaru
 29512 | Spider:3 | Reached skill level 18 in Fighting
 29589 | Spider:3 | Reached skill level 5 in Earth Magic
 29604 | Spider:3 | Reached XP level 17. HP: 86/107 MP: 17/17
 29999 | Spider:4 | Entered Level 4 of the Spider Nest
 30251 | Spider:4 | Reached skill level 15 in Armour
 30365 | Spider:4 | Noticed Arachne
 30402 | Spider:3 | Received a gift from Okawaru
 30582 | Spider:4 | Killed Arachne
 31132 | Spider:4 | Got a gossamer rune of Zot
 31508 | Spider:4 | Received a gift from Okawaru
 32244 | D:4      | Noticed Crazy Yiuf
 32252 | D:4      | Killed Crazy Yiuf
 32755 | D:15     | Entered Level 15 of the Dungeon
 32963 | D:15     | Found a white marble altar of Elyvilon.
 33259 | D:15     | Found a staircase to the Depths.
 33268 | D:15     | Reached skill level 10 in Earth Magic
 33391 | D:15     | Reached XP level 18. HP: 113/113 MP: 15/18
 33968 | Elf:1    | Entered Level 1 of the Elven Halls
 34143 | Elf:1    | Received a gift from Okawaru
 34146 | Elf:1    | Got an ichor-stained hat {god gift}
 34157 | Elf:1    | Identified the +1 hat "Iliezouc" {Dex+2 Slay+3} (Okawaru gifted it to you on level 1 of the Elven Halls)
 35041 | Elf:2    | Reached skill level 19 in Fighting
 35063 | Elf:2    | Found a runed gate.
 35065 | Elf:2    | Found a runed gate.
 35065 | Elf:2    | Found a runed gate.
 35185 | Elf:2    | Found a deep blue altar of Sif Muna.
 35188 | Elf:2    | Found Vaoz's Food Shoppe.
 35372 | Elf:2    | Got a faintly glowing scale mail
 35383 | Elf:2    | Identified the +1 scale mail of Winter {Int+7 SInv} (You found it on level 2 of the Elven Halls)
 36349 | Elf:2    | Cast into the Abyss (battleaxe of distortion)
 36653 | Abyss:1  | Noticed a bone dragon
 36672 | Abyss:1  | Killed a bone dragon
 36954 | Elf:2    | Escaped the Abyss
 37075 | Elf:2    | Received a gift from Okawaru
 37076 | Elf:2    | Got a transparent quarterstaff {god gift}
 37990 | Vaults:1 | Entered Level 1 of the Vaults
 37990 | Vaults:1 | Noticed a lich
 37995 | Vaults:1 | Noticed a Hell Sentinel
 37997 | Vaults:1 | Killed a lich
 38355 | Shoals:1 | Entered Level 1 of the Shoals
 38758 | Shoals:1 | Received a gift from Okawaru
 38758 | Shoals:1 | Reached XP level 19. HP: 119/119 MP: 19/19
 39202 | Shoals:2 | Noticed Jorgrun
 39214 | Shoals:2 | Noticed Polyphemus
 39215 | Shoals:2 | Killed Jorgrun
 39262 | Shoals:2 | Killed Polyphemus
 39309 | Shoals:2 | Found Dal Tir's Magic Scroll Emporium.
 39358 | Shoals:2 | Reached skill level 1 in Evocations
 39412 | Shoals:2 | Bought a scroll of fog for 40 gold pieces
 39412 | Shoals:2 | Bought a scroll of fear for 70 gold pieces
 39412 | Shoals:2 | Bought a scroll of identify for 40 gold pieces
 39412 | Shoals:2 | Bought a scroll of identify for 40 gold pieces
 39412 | Shoals:2 | Bought a scroll of enchant armour for 150 gold pieces
 39412 | Shoals:2 | Bought a scroll of teleportation for 60 gold pieces
 39412 | Shoals:2 | Bought a scroll of teleportation for 60 gold pieces
 39660 | Shoals:2 | HP: 2/119 [kraken (26)]
 40997 | Shoals:3 | Received a gift from Okawaru
 41003 | Shoals:3 | Found a shattered altar of Ashenzari.
 41492 | Shoals:3 | Received a gift from Okawaru
 41629 | Shoals:3 | Got a distressingly furry scale mail
 41737 | Shoals:4 | Entered Level 4 of the Shoals
 41741 | Shoals:4 | Noticed Donald
 41748 | Shoals:4 | Noticed Ilsuiw
 41764 | Shoals:3 | Killed Donald
 42046 | Shoals:4 | Killed Ilsuiw
 42089 | Shoals:4 | Reached skill level 5 in Evocations
 42306 | Shoals:4 | Got a barnacled rune of Zot
 42751 | Shoals:4 | Identified the cursed +1 scale mail of the Wild Haggis {rN+ Str+4 Int+4 Stlth+} (You found it on level 3 of the Shoals)
 42753 | Shoals:4 | Got a vibrating zirconium amulet
 42838 | Shoals:4 | Reached skill level 20 in Fighting
 44424 | Elf:3    | Entered Level 3 of the Elven Halls
 44473 | Elf:3    | Reached XP level 20. HP: 126/126 MP: 24/24
 44477 | Elf:3    | Received a gift from Okawaru
 44478 | Elf:3    | Got a dazzling ring mail {god gift}
 44490 | Elf:3    | Identified the +5 ring mail of Exclusion {rCorr Str+2} (Okawaru gifted it to you on level 3 of the Elven Halls)
 44775 | Elf:3    | Found a deep blue altar of Sif Muna.
 44911 | Elf:3    | Noticed MDvedh's ghost (adept KoBe)
 44941 | Elf:3    | Killed MDvedh's ghost
 45252 | Elf:3    | Received a gift from Okawaru
 45324 | Elf:3    | Received a gift from Okawaru
 45493 | Elf:3    | Got a sparkling bronze ring
 45494 | Elf:3    | Got a warped battleaxe {freeze}
 45500 | Elf:3    | Got a shimmering scimitar {freeze}
 45500 | Elf:3    | Got a colourful robe
 45544 | Elf:3    | Got a shimmering gossamer ring
 45994 | Lair:2   | Identified the +2 robe "Piz Kica" {Dex+2} (You took it off a deep elf annihilator on level 3 of the Elven Halls)
 46012 | Lair:2   | Identified the ring of Badeheag {MR+ AC+2 Int+2 Dex+4 Slay+2} (You took it off a deep elf demonologist on level 3 of the Elven Halls)
 46014 | Lair:2   | Identified the ring "Umohet" {SustAt MR+ Str+4} (You took it off a deep elf sorcerer on level 3 of the Elven Halls)
 46354 | Elf:3    | Got a translucent jade ring
 46358 | Elf:3    | Identified the ring of the Devil's Advocate {Fire rPois rN+ MR+++ Stlth-} (You took it off a deep elf annihilator on level 3 of the Elven Halls)
 46434 | Elf:3    | Got a pitted war axe {chop}
 46900 | Lair:2   | Identified 2 scrolls of acquirement
 47351 | Elf:3    | Identified the Reference Book on Transformation (You found it on level 3 of the Elven Halls)
 47436 | Elf:3    | Got a crystal mace
 48640 | Vaults:1 | Received a gift from Okawaru
 48659 | Vaults:1 | Got an ichor-stained robe {god gift}
 48919 | Vaults:1 | Reached XP level 21. HP: 132/132 MP: 28/28
 49469 | Vaults:1 | You fall through a shaft!
 50148 | Vaults:2 | Reached skill level 10 in Evocations
 50231 | Vaults:2 | Received a gift from Okawaru
 50232 | Vaults:2 | Got a jewelled hat {god gift}
 50243 | Vaults:2 | Identified the +2 hat of the Desert {*Drain rN+++} (Okawaru gifted it to you on level 2 of the Vaults)
 50359 | Vaults:2 | Noticed Nikola
 50705 | Vaults:2 | Identified the +0 robe of Lethargy {rF+} (Okawaru gifted it to you on level 1 of the Vaults)
 51107 | Vaults:2 | Killed Nikola
 51573 | Lair:1   | Reached skill level 15 in Dodging
 51600 | Lair:2   | Lost mutation: You are frail (-10% HP). [potion of cure mutation]
 52807 | Vaults:3 | Reached skill level 21 in Fighting
 52826 | Vaults:3 | Received a gift from Okawaru
 53001 | Vaults:3 | Found a staircase to the Crypt.
 53214 | Vaults:3 | Found Festialo's General Store.
 53262 | Vaults:3 | Found Muosoh's Assorted Antiques.
 53331 | Vaults:3 | Bought a scroll of identify for 64 gold pieces
 53331 | Vaults:3 | Bought a scroll of identify for 64 gold pieces
 53492 | Vaults:3 | Reached XP level 22. HP: 155/155 MP: 30/30
 53980 | Vaults:3 | Received a gift from Okawaru
 54127 | Vaults:3 | Got a slimy marble ring
 54875 | Lair:2   | Identified the ring "Urheomad" {rF+ Dex+5 Stlth+} (You took it off a white draconian on level 3 of the Vaults)
 54883 | Lair:2   | Identified the amulet "Ubibegot" {Faith -Tele rPois Str-4 Int+3} (You found it on level 4 of the Shoals)
 55662 | Vaults:4 | Received a gift from Okawaru
 56229 | Vaults:4 | Received a gift from Okawaru
 56262 | Vaults:4 | Got a polished scale mail {god gift}
 56584 | Vaults:4 | Identified the +1 scale mail of Yseoc {rPois MR+} (Okawaru gifted it to you on level 4 of the Vaults)
 56940 | Depths:1 | Entered Level 1 of the Depths
 57285 | Depths:1 | Found a one-way gate to the infinite horrors of the Abyss.
 57294 | Depths:1 | Reached XP level 23. HP: 116/161 MP: 32/32
 57431 | Depths:1 | Found a gateway to Hell.
 58364 | Depths:2 | Noticed Sojobo
 58371 | Depths:2 | Received a gift from Okawaru
 58397 | Depths:2 | Killed Sojobo
 58764 | Depths:2 | Reached skill level 22 in Fighting
 59211 | Depths:2 | Received a gift from Okawaru
 59306 | Depths:2 | Found Myneq's Assorted Antiques.
 59314 | Depths:2 | Bought a scroll of identify for 78 gold pieces
 59314 | Depths:2 | Bought a scroll of summoning for 370 gold pieces
 59314 | Depths:2 | Bought a scroll of immolation for 136 gold pieces
 59456 | Depths:3 | Found a one-way gate leading to the halls of Pandemonium.
 59476 | Depths:3 | Received a gift from Okawaru
 59493 | Depths:3 | Got a jewelled quarterstaff {god gift}
 59516 | Depths:3 | Found a corrupted altar of Lugonu.
 59576 | Depths:3 | Found a gateway to a ziggurat.
 59667 | Depths:3 | Reached XP level 24. HP: 160/168 MP: 34/34
 59746 | Depths:3 | Found a flickering gateway to a bazaar.
 59768 | Bazaar   | Entered a bazaar
 59768 | Bazaar   | Found Wovvufe's Antique Weapon Shop.
 59785 | Bazaar   | Found Punlaluz's Assorted Antiques.
 59787 | Bazaar   | Found Yhe Qitt's Book Boutique.
 59790 | Bazaar   | Bought a scroll of enchant armour for 262 gold pieces
 59829 | Bazaar   | Found Qicacuobb's General Store.
 59837 | Bazaar   | Bought a disc of storms for 180 gold pieces
 59837 | Bazaar   | Bought a wand of cold (9) for 234 gold pieces
 59837 | Bazaar   | Bought an uncursed amulet of regeneration for 270 gold pieces
 59843 | Bazaar   | Bought a potion of agility for 36 gold pieces
 59843 | Bazaar   | Bought a potion of curing for 27 gold pieces
 59873 | Bazaar   | Bought a book of Minor Magic for 240 gold pieces
 60852 | Depths:3 | Reached skill level 15 in Evocations
 60942 | Depths:3 | Received a gift from Okawaru
 61027 | Depths:3 | Noticed Boris
 61049 | Depths:3 | Killed Boris
 61603 | Depths:4 | Noticed Frederick
 61620 | Depths:4 | Killed Frederick
 61768 | Depths:4 | Noticed Mara
 61773 | Depths:4 | Noticed septik's illusion
 61778 | Depths:3 | Received a gift from Okawaru
 61932 | Depths:4 | Noticed septik's illusion
 62007 | Depths:3 | Killed Mara
 62274 | Depths:4 | Noticed zero's ghost (veteran GrBe)
 62653 | Depths:4 | Killed zero's ghost
 62793 | Depths:4 | Received a gift from Okawaru
 63421 | Depths:4 | Reached XP level 25. HP: 173/175 MP: 35/35
 63794 | Depths:5 | Entered Level 5 of the Depths
 65289 | Depths:5 | Received a gift from Okawaru
 65292 | Depths:5 | Got a dazzling greatsling {god gift}
 65536 | Depths:5 | Found a glowing golden altar of the Shining One.
 65600 | Depths:5 | Found a gate to the Realm of Zot.
 65727 | Depths:5 | Reached skill level 23 in Fighting
 66758 | Depths:2 | Bought a runed cloak for 175 gold pieces
 67751 | Lair:2   | Learned a level 2 spell: Repel Missiles
 67754 | Lair:2   | Learned a level 2 spell: Song of Slaying
 67774 | Lair:2   | Upgraded the game from 0.17.0-23-g0de4337 to 0.17.0-24-gcfadda4
 67789 | Lair:2   | Identified the +8 quarterstaff "Eckomuce" {freeze, rPois rN+++ Str+3 Stlth-} (Okawaru gifted it to you on level 2 of the Elven Halls)
 67790 | Lair:2   | Identified the +7 quarterstaff "Heazit" {crush, rF+ MP+9 Int-5 SInv} (Okawaru gifted it to you on level 3 of the Depths)
 67818 | Lair:2   | Got a bloodstained plate armour
 67818 | Lair:2   | Got a shimmering shield
 67833 | Lair:2   | Identified the +4 plate armour of Weitatin {rElec MP+9 Int+5} (You acquired it on level 2 of the Lair of Beasts)
 68533 | Vaults:5 | Entered Level 5 of the Vaults
 68541 | Vaults:5 | Received a gift from Okawaru
 68545 | Vaults:5 | Reached skill level 15 in Earth Magic
 68553 | Vaults:5 | Received a gift from Okawaru
 68730 | Vaults:5 | Reached XP level 26. HP: 183/183 MP: 34/35
 68813 | Vaults:5 | Received a gift from Okawaru
 68933 | Vaults:5 | Noticed an ancient lich
 68944 | Vaults:5 | Killed an ancient lich
 69106 | Vaults:5 | Received a gift from Okawaru
 69397 | Vaults:5 | Got a shimmering pewter ring
 69399 | Vaults:5 | Identified the ring "Dowat" {Dex+3 Stlth-} (You took it off a tengu reaver on level 5 of the Vaults)
 69453 | Vaults:5 | Got a silver rune of Zot
 70573 | Vaults:5 | Got an encrusted cloak {god gift}
 70623 | Vaults:5 | Identified the +0 cloak of the Raven {rF+ rC+} (Okawaru gifted it to you on level 5 of the Vaults)
 70886 | Vaults:5 | Received a gift from Okawaru
 71710 | Lair:2   | Identified the +4 mace "Buco" {crush, *Confuse +Inv rF+ Int+2} (You found it on level 3 of the Elven Halls)
 71712 | Lair:2   | Identified the +4 war axe of Lulacsul {chop, *Rage Str+3 Int+2} (You took it off a deep elf annihilator on level 3 of the Elven Halls)
 71713 | Lair:2   | Identified the +4 quick blade of Vidiza {elec, +Fly rPois rN+ MP+9} (Okawaru gifted it to you on level 7 of the Lair of Beasts)
 71717 | Lair:2   | Identified the +8 scimitar of Louwkal {freeze, Int+7} (You took it off a deep elf annihilator on level 3 of the Elven Halls)
 71739 | Lair:2   | Identified the +1 shield of Tartarus {rC- Dex+7} (You acquired it on level 2 of the Lair of Beasts)
 71769 | Lair:2   | Identified the +0 buckler of the Forsaken Lies {rF+ rN++ Dex+4} (Okawaru gifted it to you on level 3 of the Lair of Beasts)
 72028 | Slime:1  | Entered Level 1 of the Pits of Slime
 72047 | Lair:6   | Reached skill level 1 in Shields
 73119 | Slime:2  | Gained mutation: Your magical capacity is low (-10% MP). [a shining eye]
 73125 | Slime:2  | Gained mutation: You expend magic power (3 MP) to strengthen your wands. [a shining eye]
 73171 | Slime:2  | Gained mutation: You are frail (-10% HP). [a shining eye]
 74183 | Slime:4  | Received a gift from Okawaru
 74197 | Slime:4  | Gained mutation: Your body sometimes deteriorates upon taking damage. [a shining eye]
 74199 | Slime:4  | Gained mutation: You are very frail (-20% HP). [a shining eye]
 74205 | Slime:4  | Gained mutation: Your magical capacity is very low (-20% MP). [a shining eye]
 74213 | Slime:4  | Lost mutation: You expend magic power (3 MP) to strengthen your wands. [a shining eye]
 74241 | Slime:4  | Gained mutation: Scrolls take you a little longer to read. [a shining eye]
 74255 | Slime:4  | Reached XP level 27. HP: 150/150 MP: 28/28
 74883 | Slime:5  | Gained mutation: You are dopey. (Int -2) [a shining eye]
 75094 | Slime:6  | Entered Level 6 of the Pits of Slime
 75319 | Slime:6  | Gained mutation: You are clumsy. (Dex -2) [a shining eye]
 75332 | Slime:6  | Gained mutation: Scrolls take you longer to read. [a shining eye]
 75498 | Slime:6  | Received a gift from Okawaru
 75501 | Slime:6  | Got a crude arbalest {god gift}
 75760 | Slime:6  | Noticed the royal jelly
 75795 | Slime:6  | Killed the royal jelly
 75912 | Slime:6  | Got a faintly humming plate armour
 75923 | Slime:6  | Identified the +4 plate armour of the Demon Prince {rElec} (You found it on level 6 of the Pits of Slime)
 75935 | Slime:6  | Got a brightly glowing emerald amulet
 76505 | Slime:6  | Got a slimy rune of Zot
 76507 | Slime:6  | Got a crude brass ring
 76533 | Slime:6  | Got a warped golden ring
 76855 | Lair:2   | Identified the ring of Lurayxt {MP+9 Str-3 Dex+6} (You found it on level 6 of the Pits of Slime)
 76857 | Lair:2   | Identified the ring "Wita" {rElec rF+ rC- Dex+3 Stlth+} (You found it on level 6 of the Pits of Slime)
 76866 | Lair:2   | Identified the amulet "Imianeeg" {Ward rN+ MP+9 Int+4} (You found it on level 6 of the Pits of Slime)
 76875 | Lair:2   | Learned a level 1 spell: Summon Butterflies
 76901 | Lair:2   | Learned a level 2 spell: Blink
 77270 | Zot:1    | Entered Level 1 of the Realm of Zot
 77339 | Zot:1    | Noticed Gravenous's ghost (legendary OpIE)
 77469 | Zot:1    | Killed Gravenous's ghost
 77469 | Zot:1    | Reached skill level 1 in Summonings
 77706 | Zot:1    | Reached skill level 24 in Fighting
 77718 | Zot:1    | Received a gift from Okawaru
 77931 | Zot:1    | Received a gift from Okawaru
 77960 | Zot:1    | Demolished by a golden dragon

Action                   |  1- 3 |  4- 6 |  7- 9 | 10-12 | 13-15 | 16-18 | 19-21 | 22-24 | 25-27 || total
-------------------------+-------+-------+-------+-------+-------+-------+-------+-------+-------++-------
Melee: Quarterstaff      |   135 |   157 |   541 |   195 |       |       |       |       |       ||  1028
       Flail             |       |    44 |       |       |       |       |       |       |       ||    44
       Lajatang          |       |       |       |   667 |  1879 |  1922 |  2204 |  1916 |  1851 || 10439
       Mace              |       |       |       |    39 |       |    11 |       |       |       ||    50
       Staff             |       |       |       |       |       |       |       |       |   112 ||   112
 Fire: Hunting sling     |       |       |     2 |       |       |       |       |       |       ||     2
Throw: Throwing net      |       |       |       |     1 |     1 |       |       |       |       ||     2
 Cast: Stoneskin         |       |       |       |       |       |       |       |       |     3 ||     3
       Song of Slaying   |       |       |       |       |       |       |       |       |     2 ||     2
       Repel Missiles    |       |       |       |       |       |       |       |       |     1 ||     1
Invok: Heroism           |       |       |     6 |    10 |    23 |     8 |    10 |    10 |    18 ||    85
       Finesse           |       |       |       |       |       |     1 |     1 |     3 |     6 ||    11
 Abil: Fly               |       |       |       |       |     2 |       |     1 |     2 |       ||     5
       Stop Flying       |       |       |       |       |     1 |       |     2 |     2 |       ||     5
       Evoke Teleportati |       |       |       |       |       |       |       |       |     2 ||     2
Evoke: Wand              |       |       |       |       |     4 |     1 |       |     1 |    18 ||    24
       Disc of storms    |       |       |       |       |       |       |       |       |     4 ||     4
       Sack of spiders   |       |       |       |       |       |       |       |       |     3 ||     3
       Fan of gales      |       |       |       |       |       |       |       |       |     1 ||     1
       Lamp of fire      |       |       |       |       |       |       |       |       |     1 ||     1
       Stone of tremors  |       |       |       |       |       |       |       |       |     1 ||     1
       Phial of floods   |       |       |       |       |       |       |       |       |     1 ||     1
  Use: Scroll            |       |     8 |     1 |    13 |     5 |    14 |    10 |    10 |    25 ||    86
       Potion            |       |     4 |       |       |     2 |     8 |     3 |       |     6 ||    23
 Stab: Sleeping          |     1 |       |     1 |       |       |       |     1 |       |     5 ||     8
       Held in net/web   |       |       |       |     1 |       |       |       |       |       ||     1
       Distracted        |       |       |       |       |     1 |     3 |       |       |     3 ||     7
       Petrified         |       |       |       |       |       |       |     5 |       |       ||     5
       Petrifying        |       |       |       |       |       |       |     1 |       |       ||     1
       Invisible         |       |       |       |       |       |       |       |       |     2 ||     2
  Eat: Chunk             |     3 |     5 |    14 |    21 |    39 |    32 |    45 |    33 |    17 ||   209
       Meat ration       |       |       |       |     4 |       |       |       |       |     1 ||     5
       Beef jerky        |       |       |       |       |     1 |     1 |       |       |     2 ||     4
       Royal jelly       |       |       |       |       |     1 |       |       |       |       ||     1
       Pizza             |       |       |       |       |     1 |       |       |       |       ||     1
       Bread ration      |       |       |       |       |       |     4 |     1 |       |    13 ||    18
       Fruit             |       |       |       |       |       |     1 |     1 |     2 |     9 ||    13
